 Dungeon Crawl Stone Soup version 0.23.0-3-gf3c87f2df8 (webtiles) character file.

Game seed: 13138913876590871865

51 Kass the Conjurer (level 3, -3/21 HPs)
             Began as an Octopode Wizard on Feb 22, 2019.
             Slain by a sky beast (5 damage)
             ... on level 3 of the Dungeon.
             The game lasted 00:07:51 (2508 turns).

Kass the Conjurer (Octopode Wizard)                 Turns: 2508, Time: 00:07:51

Health: -3/21      AC:  1    Str:  6    XL:     3   Next: 81%
Magic:  2/7        EV: 13    Int: 21    God:
Gold:   109        SH:  0    Dex: 10    Spells: 2/8 levels left

rFire    . . .     SeeInvis .   o - +0 dagger
rCold    . . .     Gourm    .   (no shield)
rNeg     . . .     Faith    .   a - +0 hat
rPois    .         Spirit   .   (no amulet)
rElec    .         Reflect  .   (no ring)
rCorr    .         Harm     .   (no ring)
MR       .....                  (no ring)
Stlth    +++.......             (no ring)
HPRegen  0.07/turn              (no ring)
MPRegen  0.10/turn              (no ring)
                                (no ring)
                                (no ring)

@: no status effects
A: almost no armour, stealthy swim, amphibious, 8 rings, constrict 8, camouflage
1, gelatinous body 1
a: no special abilities


You were on level 3 of the Dungeon.
You were not hungry.

You visited 1 branch of the dungeon, and saw 3 of its levels.

You collected 109 gold pieces.

Inventory:

Hand Weapons
 o - a +0 dagger (weapon)
Missiles
 b - 42 stones (quivered)
Armour
 a - a +0 hat (worn)
Jewellery
 s - an uncursed amulet of harm {unknown}
Scrolls
 d - a scroll of blinking {unknown}
 e - a scroll of enchant armour {unknown}
 f - a scroll of enchant weapon {unknown}
 h - 5 scrolls of remove curse {unknown}
 l - a scroll of amnesia {unknown}
 m - 2 scrolls of random uselessness {unknown}
 n - a scroll of immolation {unknown}
 q - a scroll of fog {unknown}
 r - a scroll of teleportation {unknown}
Potions
 g - a potion of brilliance {unknown}
 i - a potion of flight {unknown}
 j - a potion of curing
 k - a potion of lignification {unknown}
 p - a potion of magic {unknown}
 t - a potion of heal wounds {unknown}
Comestibles
 c - 4 rations


   Skills:
 - Level 2.0 Dodging
 - Level 2.6 Stealth
 - Level 3.0 Spellcasting
 + Level 3.5 Conjurations
 - Level 1.0 Summonings
   Level 1.0 Translocations


You had 2 spell levels left.
You knew the following spells:

 Your Spells              Type           Power        Failure   Level  Hunger
a - Magic Dart            Conj           ###.         3%          1    None
b - Call Imp              Summ           #.......     13%         2    ##.....
c - Conjure Flame         Conj/Fire      ##......     19%         3    ###....

Your spell library contained the following spells:

 Spells                   Type           Power        Failure   Level  Hunger
 Blink                    Tloc           N/A          13%         2    ##.....
 Slow                     Hex            #.......     21%         2    ##.....
 Mephitic Cloud           Conj/Pois/Air  #.......     24%         3    ###....


Dungeon Overview and Level Annotations

Branches:
Dungeon (3/15)

Altars:
Elyvilon
Fedhas
Makhleb
Qazlal


Innate Abilities, Weirdness & Mutations

You cannot wear most types of armour.
You are very stealthy in the water. (Stealth+)
You are amphibious.
You can wear up to eight rings at the same time.
You can use your tentacles to constrict eight enemies at once.
Your skin changes colour to match your surroundings (Stealth+).
Your rubbery body absorbs attacks. (AC +1, EV +1)


Message History

Confirm with . or Enter, or press ? or * to list all spells.
A shadowy apparition takes form in the air.
Casting: Call Imp (safe; 13% risk of failure)
Confirm with . or Enter, or press ? or * to list all spells.
Aiming: Magic Dart (safe; 3% risk of failure)
Press: ? - help, Shift-Dir - straight line, f - sky beast
Aim: a sky beast The magic dart hits the sky beast but does no damage.
The sky beast hits you. The sky beast shocks you.
Your crimson imp closely misses the sky beast.
You hit the sky beast.
The sky beast is lightly wounded.
The sky beast hits you. The sky beast shocks you.
* * * LOW HITPOINT WARNING * * *
Your crimson imp blinks!
Your shadow imp closely misses the sky beast.
The sky beast hits you.
* * * LOW HITPOINT WARNING * * *
The sky beast shocks you.
You die...

###### ### ...... ###
##.## ....... ..#
#.#.#####..####%####.##
.###.......##...@.##..#
#.#.###.##.#.(..5Y.#..#
##.## #....#.....5.#..#
#.# ####....._......#
#.#
#.#.......#.^#######
#.# #
#.......#......... #.#
##.....##.##.##### #.#
###.####.# # #<#
.........# #


You could see a sky beast, a friendly crimson imp and a friendly shadow imp.

Vanquished Creatures
  An adder (D:3)
  An ooze (D:1)
  A dart slug (D:2)
  4 bats (D:1)
  4 goblins
  A hobgoblin (D:3)
  A jackal (D:3)
  5 kobolds
  A quokka (D:3)
  2 ball pythons
  A frilled lizard (D:2)
  6 rats
28 creatures vanquished.

Vanquished Creatures (collateral kills)
  A dart slug (D:1)
  2 hobgoblins (D:1)
  3 jackals (D:3)
  2 rats (D:1)
8 creatures vanquished.

Grand Total: 36 creatures vanquished

Notes
Turn   | Place    | Note
-------+----------+-------------------------------------------
     0 | D:1      | Kass the Octopode Wizard began the quest for the Orb.
     0 | D:1      | Reached XP level 1. HP: 11/11 MP: 4/4
   128 | D:1      | Reached XP level 2. HP: 7/17 MP: 0/6
   329 | D:1      | Learned a level 2 spell: Call Imp
  1017 | D:2      | Reached XP level 3. HP: 21/21 MP: 2/7
  1285 | D:2      | Found a stormy altar of Qazlal.
  1288 | D:2      | Found a blossoming altar of Fedhas.
  1422 | D:2      | Found a burning altar of Makhleb.
  1602 | D:2      | Learned a level 3 spell: Conjure Flame
  2380 | D:3      | Noticed a sky beast
  2498 | D:3      | Found a white marble altar of Elyvilon.
  2508 | D:3      | Slain by a sky beast

Skill      XL: |  1  2  3 |
---------------+----------+-----
Conjurations   | 2 3 |  3.5
Dodging        | |  2.0
Stealth        | |  2.6
Spellcasting   | |  3.0
Summonings     | |  1.0
Translocations | |  1.0

Action                   || total
-------------------------++-------
Melee: Unarmed           ||    11
       Constrict         ||     5
       Dagger            ||    19
 Cast: Magic Dart        ||    55
       Call Imp          ||    13
       Conjure Flame     ||     1
  Use: Potion            ||     1
 Stab: Sleeping          ||     9
  Eat: Chunk             ||     3
       Ration            ||     1
Armor: Skin              ||     4
Dodge: Dodged            ||    27
